 Dungeon Crawl Stone Soup version 0.28.0 (webtiles) character file.

Game seed: 15235765941844040651

709 croobank the Firebug (level 7, 0/67 HPs)
             Began as a Grey Draconian Fire Elementalist on Feb 18, 2022.
             Was a Follower of Hepliaklqana.
             Succumbed to a kobold brigand's curare-tipped dart
             ... on level 6 of the Dungeon.
             The game lasted 00:17:18 (4716 turns).

croobank the Firebug (DrFE)                         Turns: 4716, Time: 00:17:19

Health: 0/67       AC: 23    Str: 11    XL:     7   Next: 40%
Magic:  12/13      EV:  2    Int: 17    God:    Hepliaklqana [*.....]
Gold:   464        SH:  5    Dex: 11    Spells: 3/13 levels left

rFire   . . .      SeeInvis .   t - +2 falchion (vamp)
rCold   . . .      Faith    .   (no shield)
rNeg    . . .      Spirit   .   (armour unavailable)
rPois   +          Reflect  +   (helmet currently unavailable)
rElec   .          Harm     .   (cloak currently unavailable)
rCorr   +          Rampage  .   (gloves currently unavailable)
Will    .....      Rage     1%  (boots currently unavailable)
Stlth   ++........ NoTele   +   b - amulet of reflection
HPRegen 0.21/turn               i - ring of resist corrosion
MPRegen 0.13/turn               (no ring)

@: lethally poisoned (0 -> -4), tree-form, slowed, very slow
A: stationary, stasis, torment immunity, boosted hp, reduced essence, AC +11,
(amphibious), unfitting armour, (cold-blooded), berserk 1, high MP 1, inability
to read while threatened
a: Renounce Religion, Recall Ancestor, Ancestor Identity


You were on level 6 of the Dungeon.
You worshipped Hepliaklqana.
Hepliaklqana was aware of your devotion.
You were a tree.
You visited 1 branch of the dungeon, and saw 6 of its levels.

You collected 464 gold pieces.

Inventory:

Hand Weapons
 c - a +2 dagger of electrocution
 d - a +2 short sword of speed
 o - a +0 hunting sling
 t - a +2 vampiric falchion (weapon)
 v - a +1 vorpal war axe
 y - a +0 shortbow
Missiles
 a - 44 arrows
 f - 2 atropa-tipped darts
 l - 27 poisoned darts (quivered)
 m - 159 stones
 u - 2 curare-tipped darts
Armour
 h - a +0 pair of gloves (melded)
Jewellery
 b - an amulet of reflection (around neck)
 i - a ring of resist corrosion (left branch)
 B - an amulet of guardian spirit
Wands
 z - a wand of iceblast (10)
Scrolls
 g - a scroll of brand weapon {unknown}
 n - 5 scrolls of fog
 p - 2 scrolls of teleportation {unknown}
 q - a scroll of summoning {unknown}
 x - a scroll of torment
 A - a scroll of identify
Potions
 e - a potion of attraction
 j - a potion of invisibility
 k - 2 potions of ambrosia
 s - 2 potions of mutation
 w - a potion of lignification


   Skills:
 + Level 2.7 Long Blades
 + Level 3.5 Dodging
 + Level 3.7 Stealth
 + Level 3.5 Spellcasting
 + Level 3.2 Conjurations
 + Level 4.5 Fire Magic


You had 3 spell levels left.
You knew the following spells:

 Your Spells              Type           Power      Damage    Failure   Level
a - Foxfire               Conj/Fire      64%        2x1d7     3%          1
b - Scorch                Fire           36%        2d6       3%          2
c - Flame Wave            Conj/Fire      16%        2d6       32%         4
d - Dazzling Flash        Conj/Hex       16%        N/A       26%         3

Your spell library contained the following spells:

 Spells                   Type           Power      Damage    Failure   Level
 Conjure Flame            Conj/Fire      16%        6-21      10%         3
 Inner Flame              Hex/Fire       10%        N/A       19%         3
 Iskenderun's Mystic Bla  Conj/Tloc      8%         2d4       63%         4
 Starburst                Conj/Fire      8%         6d4       99%         6


Dungeon Overview and Level Annotations

Branches:
Dungeon (6/15)             Temple (0/1) D:6

Altars:
Elyvilon
Hepliaklqana
Kikubaaqudgha
Makhleb
Okawaru
The Shining One


Innate Abilities, Weirdness & Mutations

You are a tree.
Your roots penetrate the ground, keeping you stationary.
You cannot be teleported.
You are immune to unholy pain and torment.
Your maximum health is greatly increased.
Your equipment is partially melded.
Your life essence is reduced to manifest your ancestor. (-10% HP)
((Your dull iron-grey scales are very hard. (AC +11)))
((You are amphibious.))
You cannot fit into any form of body armour.
((You are cold-blooded and may be slowed by cold attacks.))
You tend to lose your temper in combat.
You have an increased reservoir of magic. (+10% MP)
You sometimes lose the ability to read scrolls when taking damage.


Message History

The kobold brigand's fire resistance burns away.
You feel sick.
You hear a shout!
The foxfire hits the kobold brigand!
The kobold brigand is burned terribly!
The kobold brigand is severely wounded.
The foxfire hits the kobold brigand.
The kobold brigand is burned terribly!
The kobold brigand is almost dead.
A kobold comes into view. It is wielding a +0 dagger.
The kobold brigand throws a curare-tipped dart.
The curare-tipped dart hits you.
You are more poisoned.
You have difficulty breathing.
You feel as though you will be slow longer.
A kobold comes into view. It is wielding a +0 dagger.
Casting: Scorch (safe; 4% risk of failure)
Confirm with . or Enter, or press ? or * to list all spells.
Flames lash the kobold brigand.
The kobold brigand is burned terribly!
You kill the kobold brigand!
* * * LOW HITPOINT WARNING * * *
You feel very sick.
You hear a shout! x3
It was a potion of magic.
Magic courses through your body.
* * * LOW HITPOINT WARNING * * *
You feel very sick.
It was a potion of mutation.
You feel extremely strange.
You feel a little pissed off.
You lose the ability to read scrolls when threatened.
You feel more energetic.
* * * LOW HITPOINT WARNING * * *
You feel very sick.
It was a potion of lignification.
You turn into a tree.
Your +0 pair of gloves melds into your body.
Your roots penetrate the ground.
* * * LOW HITPOINT WARNING * * *
You feel sick. The kobold hits you but does no damage.
Publius hits the kobold.
The kobold dies!
Okay, then.
As you read the scroll of identify, it crumbles to dust.
x - a scroll of torment You die...

...........##....................
.......##.........#..............
...##..#........###...##.........
................## #..###...#.##.
.................###.##.#..#### .
..............#...#......... #
..........#..##...........#
#....##.......#.........
##...#......###.♣R......
##.)##..>.....K)##.....
#..))...)....)## ...
###).⌠.⌠.⌠...## . ##.8.8.8...>#
#..........# ##..#.#...##
#.....#..... ###..........


You could see the friendly Publius the ancestor and a kobold.

Vanquished Creatures
  A centaur (D:4)
  2 kobold brigands (D:6)
  2 scorpions
  A water moccasin zombie (D:3)
  2 hounds (D:4)
  An iguana (D:5)
  3 orc wizards
  3 gnolls (D:5)
  4 adders
  2 ufetubi (D:5)
  2 adder skeletons (D:4)
  A worm (D:2)
  2 dart slugs
  8 orcs
  A ball python (D:1)
  10 endoplasms
  2 giant cockroaches
  9 goblins
  7 hobgoblins
  5 quokkas
  4 bats (D:3)
  2 frilled lizards
  14 kobolds
88 creatures vanquished.

Vanquished Creatures (collateral kills)
  A kobold (D:6)
  A foxfire (D:3)
2 creatures vanquished.

Vanquished Creatures (others)
  130 foxfires
  2 plants (D:5)
  4 toadstools (D:3)
136 creatures vanquished.

Grand Total: 226 creatures vanquished

Notes
Turn   | Place    | Note
-------+----------+-------------------------------------------
     0 | D:1      | croobank the Draconian Fire Elementalist began the quest
                  | for the Orb.
     0 | D:1      | Reached XP level 1. HP: 14/14 MP: 3/3
   182 | D:1      | Reached XP level 2. HP: 20/20 MP: 3/5
   705 | D:2      | Learned a level 2 spell: Scorch
   835 | D:2      | Reached XP level 3. HP: 22/26 MP: 2/6
  1059 | D:2      | Found a burning altar of Makhleb.
  1081 | D:2      | Found a faded altar of an unknown god.
  1663 | D:3      | Reached XP level 4. HP: 33/33 MP: 1/7
  2154 | D:3      | Found an iron altar of Okawaru.
  2187 | D:3      | Reached skill level 1 in Long Blades
  2255 | D:3      | Found a glowing golden altar of the Shining One.
  2730 | D:4      | Reached XP level 5. HP: 38/38 MP: 3/9
  3048 | D:4      | Found an ancient bone altar of Kikubaaqudgha.
  3312 | D:4      | Reached XP level 6. HP: 45/45 MP: 3/10
  3318 | D:4      | Reached skill level 4 in Fire Magic
  3900 | D:5      | Entered Level 5 of the Dungeon
  4038 | D:5      | Found a hazy altar of Hepliaklqana.
  4049 | D:5      | Became a worshipper of Hepliaklqana the Forgotten
  4162 | D:5      | Found a white marble altar of Elyvilon.
  4243 | D:5      | Your scales start taking on a dull iron-grey colour.
  4243 | D:5      | Reached XP level 7. HP: 42/50 MP: 10/12
  4343 | D:5      | Learned a level 4 spell: Flame Wave
  4347 | D:5      | Learned a level 3 spell: Dazzling Flash
  4600 | D:6      | Found a staircase to the Ecumenical Temple.
  4706 | D:6      | Reached * piety under Hepliaklqana
  4714 | D:6      | Gained mutation: You tend to lose your temper in combat.
                  | [potion of mutation]
  4714 | D:6      | Gained mutation: You sometimes lose the ability to read
                  | scrolls when taking damage. [potion of mutation]
  4714 | D:6      | Gained mutation: You have an increased reservoir of magic.
                  | (+10% MP) [potion of mutation]
  4714 | D:6      | HP: 2/45 [poisoned by a kobold brigand (curare-tipped
                  | dart)]
  4716 | D:6      | Succumbed to a kobold brigand's curare-tipped dart

Illustrated notes

Levels and vault maps discovered:
D:1:      mrwooster_arrival_arrow, layout_basic
D:2:      layout_loops_ring, hellmonk_ecumenical_altar_slurped_away, basic_altar
D:3:      layout_loops_cross, okawaru_gym_becter, tso_oasis_becter,
          minmay_misc_feat_chi, minmay_gold_behind_fungi, dk_noncrumbling_2
D:4:      layout_loops_ring, amcnicky_altar_gilded
D:5:      layout_gridville, nicolae_hepliaklqana_hazy_memory,
          mainiacjoe_overflow_concentric_impassable, kennysheep_generic_room_9
D:6:      layout_cave_pools, minmay_temple_entry_drinking_statues, minivault_5

Skill      XL: |  1  2  3  4  5  6 |
---------------+-------------------+-----
Stealth        | 2 3 |  3.7
Dodging        | 2 3 |  3.5
Conjurations   | 2 3 |  3.2
Long Blades    | 1 2 |  2.7
Spellcasting   | 3 |  3.5
Fire Magic     | 4 |  4.5

Action                   |  1- 3 |  4- 6 |  7- 9 || total
-------------------------+-------+-------+-------++-------
Melee: Unarmed           |    23 |       |       ||    23
       Falchion          |     4 |    45 |    16 ||    65
       Tailslap          |     4 |     6 |     3 ||    13
       Dagger            |     3 |       |       ||     3
Throw: Dart              |       |     3 |       ||     3
 Cast: Foxfire           |    29 |    39 |    11 ||    79
       Scorch            |     8 |    36 |     9 ||    53
  Use: Scroll            |     5 |     1 |     1 ||     7
       Potion            |       |     1 |     3 ||     4
Armor: Skin              |     5 |    38 |    13 ||    56
Dodge: Dodged            |    28 |    41 |    13 ||    82
Block: Other             |    12 |    16 |     7 ||    35
       Reflection        |     1 |     1 |       ||     2
